Selects Australian Defense Battlegroup
Selects Australian Light Infantry Section
Australian Light Infantry Section
Construct Section Command Post
Construct Field Infirmary
Construct Platoon Command Post
Unlock M3 Stuart Light Tanks
Selects CMP 15cwt Supply Run
Australian Light Infantry Section
Selects Reinforced Resource Caches
6-pounder Anti-tank Gun Team
6-pounder Anti-tank Gun Team
Selects Charged Creeping Barrage